Map: COLOSSAL TITAN 10 - Retomando o leste

Players

Kronos

  • Race: Terran Terran
  • Spawn Location: 11:00

Yata

  • Race: Terran Terran
  • League: Platinum
  • Spawn Location: 11:00

Casta da Supermente

  • Race: Zerg Zerg
  • Spawn Location: 0:00

Casta da Supermente

  • Race: Zerg Zerg
  • Spawn Location: 6:00

Casta da Supermente

  • Race: Zerg Zerg
  • Spawn Location: 5:00

Casta da Supermente

  • Race: Zerg Zerg
  • Spawn Location: 3:00

VOD

Have the link to the VOD?

Description

Time

  • Played on: Nov. 8, 2017, 10:27 p.m.
  • Length: 9:27
Show
View Real Time Build Order
Export as new Build Order

Kronos Terran 

Build Orders:  

Get SALT Encoding   

  6  0:05  Unknown  
  6  0:15  SCV  
  7  0:37  SCV  
  8  0:54  SCV  
  9  1:04  Supply Depot  
  9  1:18  SCV  
  10  1:35  SCV  
  11  1:52  SCV  
  12  2:02  Barracks  
  12  2:13  SCV  
  13  2:30  SCV  
  14  2:51  SCV  
  15  3:12  SCV  
  16  3:29  SCV  
  17  3:32  Refinery  
  17  3:47  Supply Depot  
  17  3:50  SCV  
  18  4:01  Barracks  
  19  4:25  Unknown  
  18  4:41  SCV  
  21  4:58  SCV  
  22  5:11  Barracks Tech Lab  
  22  5:15  Unknown  
  23  5:40  SCV  
  23  5:43  Bunker  
  24  5:51  Unknown  
  24  6:04  SCV  
  27  6:19  Engineering Bay  
  27  6:22  Supply Depot  
  27  6:27  Unknown x2  
  27  6:29  Orbital Command  
  28  7:05  SCV  
  29  7:10  Combat Shields  
  29  7:11  Combat Shields  
  29  7:13  Unknown  
  29  7:17  Unknown  
  31  7:27  SCV  
  32  7:38  Unknown  
  31  7:42  Unknown  
  31  8:01  Barracks  
  31  8:05  Unknown  
  31  8:07  Unknown  
  32  8:30  Unknown  
  32  8:32  Unknown  
  31  8:42  Bunker  
  30  8:56  Terran Infantry Weapons Level 1  
  29  9:01  Unknown  
  29  9:05  Unknown x2  
  29  9:06  SCV  
  30  9:30  Unknown x2  
  34  9:52  Supply Depot  
  34  9:55  Unknown  
  34  10:07  Factory, Unknown x2  
  38  10:32  Unknown  
  36  10:47  Unknown x2  
  40  11:09  Unknown  
  41  11:12  Factory Tech Lab, Unknown x2  
  41  11:18  Bunker  
  43  11:34  Unknown  
  43  11:37  Unknown  
  40  11:47  Unknown  
  40  11:59  Unknown  
  42  12:02  Barracks Tech Lab, Unknown  
  42  12:05  Barracks Tech Lab  
  42  12:17  Unknown  
  42  12:34  Supply Depot  
  37  13:00  Bunker  
  37  13:04  Supply Depot  
  37  13:09  Unknown  
Show
View Real Time Build Order
Export as new Build Order

Yata Terran 

Build Orders:  

Get SALT Encoding   

  6  0:05  SCV, Unknown  
  7  0:22  SCV  
  8  0:39  SCV  
  9  0:56  SCV  
  10  1:08  Supply Depot  
  10  1:17  SCV  
  11  1:38  SCV  
  12  1:44  Barracks  
  12  1:55  SCV  
  13  2:16  SCV  
  13  2:17  Supply Depot  
  14  2:34  SCV  
  15  2:51  SCV  
  16  3:13  Barracks  
  16  3:15  SCV  
  18  3:28  Supply Depot  
  18  3:30  Refinery  
  18  3:33  SCV  
  18  3:36  Unknown  
  19  3:50  SCV  
  21  4:07  SCV  
  22  4:19  Unknown  
  23  4:31  SCV  
  24  4:48  Orbital Command, Unknown x2  
  25  5:19  Unknown x2  
  27  5:43  SCV, Engineering Bay  
  28  5:57  Unknown x2  
  28  5:59  SCV  
  30  6:18  SCV  
  31  6:22  Supply Depot  
  31  6:27  Unknown  
  31  6:28  Supply Depot, Unknown  
  31  6:32  Supply Depot  
  32  6:46  SCV  
  33  6:56  Unknown x2  
  33  7:01  Barracks Tech Lab  
  28  7:14  Barracks Tech Lab  
  24  7:37  Factory  
  24  7:45  Factory  
  27  8:12  Unknown x2  
  29  8:42  Unknown x2  
  34  9:17  Unknown  
  34  9:18  Unknown  
  35  9:23  Unknown  
  35  9:24  Unknown  
  35  9:31  Factory Tech Lab  
  35  9:32  Factory Tech Lab  
  35  9:39  Terran Infantry Weapons Level 1  
  35  9:41  Unknown  
  37  10:00  Supply Depot  
  37  10:04  Siege Tank  
  37  10:08  Unknown x2  
  33  10:34  Unknown  
  33  10:35  Unknown  
  28  10:58  Siege Tank  
  28  11:11  Unknown x2  
  28  11:30  Command Center  
  28  11:34  Siege Tank  
  28  11:35  Unknown  
  33  11:57  Unknown x2  
  30  12:01  Unknown  
  29  12:41  Unknown x2  
  29  12:45  Unknown  
Show
View Real Time Build Order
Export as new Build Order

Casta da Supermente Zerg 

Build Orders: Pool Only 

Get SALT Encoding   

  8  0:05  Unknown  
  8  0:24  Overlord  
  8  0:49  Drone x2  
  10  1:14  Overlord  
  10  1:39  Drone  
  11  1:40  Spawning Pool, Drone  
  11  1:42  Drone  
  12  1:51  Drone  
  13  2:03  Drone  
  14  2:15  Zergling x2  
  15  2:27  Zergling x2  
  17  2:40  Zergling x2  
  17  2:55  Zergling x2  
  17  3:08  Overlord  
  17  3:19  Drone  
  17  3:34  Zergling x2  
  17  3:39  Zergling x2  
  19  3:51  Zergling x2  
  20  4:03  Zergling x2  
  21  4:15  Zergling x2  
  22  4:28  Zergling x2  
  22  4:34  Extractor  
  22  4:39  Roach Warren, Drone  
  19  4:51  Drone  
  20  5:04  Overlord  
  20  5:05  Extractor  
  19  5:15  Drone  
  19  5:16  Evolution Chamber  
  17  5:27  Drone  
  35  5:40  Drone  
  15  5:50  Queen  
  15  5:52  Drone  
  16  6:03  Zergling x2  
  17  6:15  Zergling x2  
  20  6:27  Roach  
  22  6:41  Drone  
  23  6:51  Roach  
  25  7:03  Roach  
  25  7:06  Lair  
  26  7:15  Drone  
  27  7:28  Overlord, Drone  
  27  7:29  Roach, Drone  
  31  7:30  Drone  
  32  7:53  Drone  
  32  7:54  Roach  
  35  8:05  Drone  
  35  8:09  Overlord  
  36  8:10  Roach, Drone  
  36  8:11  Drone  
  36  8:18  Zerg Ground Armor Level 1  
  40  8:26  Drone, Spore Crawler  
  40  8:30  Hydralisk Den  
  40  8:31  Drone  
  38  8:43  Zergling x2  
  33  8:50  Drone  
  33  8:51  Zergling x2  
  33  8:52  Roach, Drone  
  33  8:54  Spire  
  33  8:58  Drone  
  38  9:10  Drone  
  39  9:22  Drone  
  39  9:23  Spore Crawler  
  39  9:28  Hydralisk  
  39  9:29  Hydralisk  
  39  9:31  Overlord  
  39  9:32  Drone  
  39  9:36  Roach  
  46  9:48  Mutalisk  
  48  9:57  Hydralisk  
  48  10:02  Spore Crawler  
  49  10:12  Overlord, Mutalisk, Hydralisk  
  49  10:14  Roach  
  49  10:15  Drone  
  56  10:26  Drone  
  55  10:38  Zergling x2  
  50  10:44  Spore Crawler  
  49  10:50  Zergling x2, Hydralisk  
  49  10:52  Mutalisk  
  49  10:53  Roach, Drone  
  57  11:05  Zergling x2  
  58  11:16  Drone  
  59  11:29  Overlord  
  59  11:30  Hydralisk  
  59  11:33  Drone  
  59  11:34  Drone  
  59  11:35  Roach  
  65  11:48  Drone  
  64  11:54  Drone  
  61  12:03  Hydralisk  
  57  12:14  Zergling x2  
  57  12:15  Zergling x2  
  57  12:16  Overlord, Drone  
  60  12:22  Drone  
  60  12:33  Zergling x2  
  56  12:46  Zergling x2  
Show
View Real Time Build Order
Export as new Build Order

Casta da Supermente Zerg 

Build Orders: Pool First 

Get SALT Encoding   

  8  0:05  Unknown  
  8  0:24  Overlord  
  8  0:49  Drone  
  9  0:50  Drone  
  10  1:15  Overlord  
  10  1:40  Drone x3  
  13  1:52  Drone  
  13  1:57  Spawning Pool  
  13  2:04  Drone  
  14  2:16  Drone  
  14  2:19  Extractor  
  14  2:28  Drone  
  15  2:40  Drone  
  16  2:52  Drone  
  17  3:02  Roach Warren  
  17  3:04  Drone  
  17  3:16  Drone  
  18  3:28  Overlord  
  18  3:34  Queen  
  18  3:40  Overlord  
  18  3:53  Drone  
  21  4:04  Zergling x2  
  22  4:16  Roach  
  24  4:28  Roach  
  26  4:40  Roach  
  28  4:52  Roach  
  30  5:04  Roach  
  32  5:11  Overlord  
  32  5:12  Roach  
  32  5:13  Overlord  
  34  5:21  Lair  
  34  5:34  Metabolic Boost  
  34  5:36  Zergling x2  
  34  5:37  Zergling x2, Drone  
  36  5:40  Extractor  
  36  5:46  Evolution Chamber  
  36  5:48  Drone  
  35  5:54  Drone  
  35  5:55  Drone  
  35  5:56  Drone x2  
  39  6:03  Drone  
  40  6:15  Drone  
  41  6:27  Drone  
  42  6:34  Drone  
  42  6:35  Drone x2  
  42  6:36  Overlord  
  45  6:42  Drone  
  45  6:46  Hydralisk Den  
  35  6:52  Roach  
  37  7:05  Roach  
  39  7:15  Roach  
  39  7:16  Drone  
  39  7:17  Drone x2  
  39  7:18  Infestation Pit  
  39  7:19  Drone  
  44  7:31  Drone  
  45  7:40  Hydralisk  
  47  7:55  Drone  
  47  7:56  Roach, Drone  
  47  7:57  Roach, Drone  
  54  8:09  Infestor  
  56  8:17  Hydralisk  
  56  8:23  Spore Crawler  
  57  8:33  Overlord  
  57  8:46  Hydralisk  
  57  8:52  Hydralisk  
  57  8:53  Zergling x2  
  57  8:54  Zergling x2  
  57  8:57  Spore Crawler  
  54  9:03  Roach  
  54  9:09  Zerg Ground Armor Level 1  
  56  9:14  Drone  
  56  9:17  Roach, Infestor  
  61  9:21  Overlord  
  61  9:23  Roach  
  61  9:26  Evolution Chamber  
  61  9:29  Drone  
  63  9:33  Spore Crawler  
  62  9:40  Drone  
  63  9:53  Drone  
  63  9:54  Hatchery  
  63  9:57  Hydralisk  
  63  9:58  Overlord  
  63  9:59  Unknown  
  63  10:00  Roach  
  63  10:01  Drone  
  63  10:09  Spore Crawler, Zerg Missile Weapons Level 1  
  67  10:10  Drone  
  67  10:19  Drone  
  69  10:29  Hydralisk  
  61  10:40  Drone  
  61  10:42  Roach, Hydralisk  
  61  10:44  Drone  
  61  10:47  Zergling x2  
  65  10:54  Zergling x2  
  65  10:59  Roach  
  63  11:03  Hydralisk  
  63  11:11  Roach  
  63  11:18  Roach, Hydralisk  
  67  11:23  Roach  
  67  11:24  Infestor, Hydralisk  
  67  11:25  Zergling x2  
  76  11:30  Overlord  
  76  11:36  Hydralisk  
  78  11:40  Hydralisk  
  79  12:23  Zergling x2  
  80  12:35  Overlord  
  80  12:40  Roach  
  80  12:41  Hydralisk  
Show
View Real Time Build Order
Export as new Build Order

Casta da Supermente Zerg 

Build Orders: Pool First 

Get SALT Encoding   

  8  0:05  Unknown  
  8  0:24  Overlord  
  6  0:50  Drone x2  
  10  1:15  Overlord  
  10  1:40  Drone x3  
  13  1:52  Drone  
  13  1:56  Spawning Pool  
  13  2:04  Drone  
  14  2:16  Drone  
  14  2:18  Extractor  
  14  2:28  Drone  
  15  2:40  Drone  
  16  2:52  Drone  
  17  3:01  Roach Warren  
  17  3:04  Drone  
  17  3:16  Drone  
  18  3:28  Overlord  
  18  3:33  Queen  
  18  3:40  Overlord  
  18  3:53  Drone  
  21  4:04  Zergling x2  
  22  4:16  Roach  
  24  4:28  Roach  
  26  4:40  Roach  
  28  4:52  Roach  
  30  5:04  Roach  
  32  5:11  Roach  
  32  5:12  Overlord  
  32  5:14  Overlord  
  34  5:35  Zergling x2, Baneling Nest  
  34  5:38  Zergling x2  
  34  5:39  Zergling x2  
  35  5:47  Zergling x2  
  35  5:49  Extractor  
  35  5:52  Zergling x2  
  35  5:53  Zergling x4  
  35  5:54  Zergling x2, Metabolic Boost  
  39  6:03  Zergling x2, Baneling  
  40  6:10  Baneling  
  40  6:16  Zergling x2  
  41  6:20  Lair  
  41  6:30  Drone  
  41  6:35  Drone  
  41  6:39  Overlord  
  43  6:45  Drone  
  43  6:46  Baneling  
  43  6:47  Baneling  
  40  6:50  Zergling x2  
  40  6:55  Drone  
  40  6:59  Drone  
  36  7:08  Baneling  
  36  7:09  Baneling  
  36  7:11  Roach  
  36  7:13  Drone  
  36  7:15  Drone  
  36  7:16  Drone x2  
  42  7:27  Drone  
  43  7:38  Drone  
  44  7:44  Hydralisk Den  
  42  7:50  Drone  
  42  7:54  Roach  
  42  7:55  Drone  
  42  7:56  Drone  
  42  7:57  Drone  
  42  7:58  Infestation Pit  
  47  8:06  Roach  
  47  8:16  Drone  
  43  8:28  Zergling x2  
  42  8:30  Evolution Chamber  
  42  8:35  Zergling x2, Hydralisk  
  42  8:37  Roach  
  42  8:38  Drone  
  47  8:44  Infestor  
  47  8:55  Drone  
  46  9:07  Roach  
  46  9:08  Spore Crawler  
  47  9:11  Zerg Ground Armor Level 1  
  47  9:16  Drone  
  47  9:17  Overlord, Drone  
  47  9:18  Roach  
  51  9:21  Drone  
  52  9:33  Drone  
  53  9:42  Spore Crawler, Hydralisk  
  54  9:54  Hydralisk  
  54  9:56  Zergling x2, Hydralisk  
  54  9:57  Zergling x2, Drone  
  59  10:11  Infestor  
  59  10:16  Spore Crawler  
  56  10:23  Drone  
  57  10:35  Drone, Hydralisk  
  57  10:37  Overlord  
  57  10:38  Drone  
  57  10:39  Infestor  
  63  10:49  Roach  
  65  10:50  Hatchery  
  65  10:53  Spore Crawler  
  65  10:55  Unknown  
  63  11:01  Drone  
  64  11:13  Drone  
  64  11:19  Overlord, Drone  
  66  11:20  Roach, Zergling x2  
  66  11:26  Evolution Chamber  
  66  11:28  Drone  
  65  11:33  Evolution Chamber  
  65  11:36  Baneling  
  65  11:37  Baneling  
  54  11:40  Zergling x2  
  55  11:51  Zergling x2  
  55  11:53  Roach  
  55  11:56  Hydralisk  
  55  11:58  Baneling  
  55  11:59  Infestor  
  62  12:00  Roach  
  62  12:01  Zergling x2  
  62  12:03  Drone  
  62  12:06  Drone  
  67  12:15  Roach  
  67  12:17  Roach  
  71  12:27  Roach  
  73  12:30  Roach  
  73  12:37  Roach  
  73  12:38  Overlord, Hydralisk  
  73  12:39  Zergling x2  
  78  12:41  Hydralisk  
Show
View Real Time Build Order
Export as new Build Order

Casta da Supermente Zerg 

Build Orders: Pool First, Zergling Baneling 

Get SALT Encoding   

  8  0:05  Unknown  
  8  0:24  Overlord  
  8  0:49  Drone  
  9  0:50  Drone  
  10  1:15  Overlord  
  11  1:40  Drone x3  
  13  1:51  Spawning Pool  
  13  1:52  Drone  
  13  1:55  Extractor  
  12  2:04  Drone  
  13  2:16  Drone  
  14  2:28  Drone  
  15  2:40  Zergling x2  
  16  2:52  Zergling x2  
  17  3:04  Zergling x2  
  18  3:17  Overlord  
  18  3:22  Queen  
  18  3:31  Drone, Baneling Nest  
  18  3:42  Zergling x2  
  21  3:52  Zergling x2  
  22  4:04  Zergling x2  
  22  4:17  Zergling x2  
  22  4:19  Baneling  
  21  4:28  Zergling x2  
  22  4:41  Zergling x2  
  23  4:54  Zergling x2  
  24  5:00  Zergling x2  
  24  5:03  Overlord  
  24  5:05  Zergling x4  
  24  5:08  Zergling x2, Baneling  
  26  5:10  Baneling  
  26  5:14  Baneling  
  26  5:19  Baneling  
  26  5:20  Baneling  
  26  5:23  Baneling  
  26  5:28  Zergling x2  
  27  5:32  Zergling x2  
  28  5:41  Zergling x2  
  28  5:43  Zergling x2  
  28  5:48  Zergling x2, Baneling  
  29  5:51  Zergling x2  
  29  5:54  Zergling x2  
  29  5:56  Baneling  
  29  5:58  Baneling  
  29  6:00  Zergling x2  
  29  6:08  Roach Warren  
  29  6:11  Extractor  
  29  6:14  Overlord  
  28  6:23  Drone  
  28  6:26  Drone  
  29  6:34  Drone  
  29  6:35  Drone x2  
  27  6:46  Drone  
  28  6:58  Roach  
  30  7:02  Evolution Chamber  
  30  7:03  Roach, Drone  
  30  7:04  Drone  
  30  7:06  Drone  
  31  7:12  Roach  
  32  7:22  Lair  
  32  7:24  Roach  
  31  7:36  Zergling x2  
  32  7:43  Drone  
  32  7:44  Zergling x2  
  32  7:45  Overlord, Roach  
  36  7:50  Drone  
  37  8:02  Drone  
  38  8:14  Drone  
  39  8:23  Drone  
  39  8:24  Overlord, Drone  
  39  8:25  Roach  
  39  8:27  Drone  
  44  8:39  Drone  
  45  8:45  Hydralisk Den  
  45  8:49  Roach  
  44  8:52  Drone  
  44  9:04  Zergling x2  
  44  9:05  Roach, Drone  
  44  9:07  Infestation Pit  
  47  9:11  Drone  
  47  9:18  Drone  
  41  9:29  Roach  
  43  9:41  Roach  
  43  9:42  Zerg Ground Armor Level 1  
  43  9:45  Drone  
  43  9:46  Drone  
  43  9:47  Roach, Drone  
  50  9:55  Drone  
  51  10:07  Drone  
  52  10:19  Drone  
  53  10:20  Spore Crawler  
  53  10:24  Hydralisk  
  53  10:26  Drone  
  53  10:27  Drone  
  53  10:28  Overlord  
  56  10:34  Infestor  
  58  10:46  Zergling x2  
  57  10:57  Zergling x2, Spore Crawler  
  53  11:05  Hydralisk  
  53  11:07  Overlord  
  53  11:08  Roach  
  53  11:09  Spire, Drone  
  55  11:12  Zergling x2  
  56  11:24  Roach  
  56  11:27  Baneling  
  56  11:29  Baneling  
  58  11:32  Spore Crawler  
  58  11:33  Baneling, Hydralisk  
  59  11:48  Zergling x2, Infestor  
  59  11:49  Drone  
  63  11:50  Roach, Zergling x2  
  63  11:58  Hatchery  
  65  12:00  Pneumatized Carapace  
  65  12:02  Overlord  
  65  12:03  Unknown  
  65  12:07  Spore Crawler  
  64  12:14  Drone  
  62  12:27  Roach  
  62  12:29  Roach  
  64  12:31  Roach  
  64  12:32  Mutalisk, Drone  
  67  12:43  Zergling x2  
  66  13:06  Evolution Chamber  
Tags
 
Add a new tag
Caveats
  • Supply blocks, unpowered buildings, or Contaminate may cause inaccurate times.
  • Supply counts are checked every 10 seconds.